AoeStats
← blaswichj

Arabian Desert

509385276Analyzed
1v1 RM · 6d ago on Sep 26, 2026· 22m 35s· 2 players
Game mode
Random Map
Map size
Tiny (2 player)
Population
200
Speed
Normal
Resources
Standard
Victory
Conquest
Starting age
Dark Age
Ending age
Imperial Age
RankedLock teamsTeams togetherTeam positionsShared explorationLock speedFull tech treeHidden civsTurbo modeCheats
Victory
Defeat
🇺🇸 Magyars · United States
1015
+15
🇻🇪 Ethiopians · Venezuela
1000
-45
blaswichj
8:15 Loom
13:41 Feudal Age
15:04 Wheelbarrow
14:53 Town Watch
15:45 Double-Bit Axe
15:55 Gold Mining
19:27 Padded Archer Armor
20:24 Fletching
Mr Phobos 141
10:50 Feudal Age
11:16 Double-Bit Axe
11:12 Horse Collar
17:50 Bloodlines
19:35 Scale Barding Armor
23:57 Castle Age
Connection lost

Rejoining the realm…

Still unreachable

The connection could not be restored.

Session expired

The server has moved on; the page needs a fresh start.